Map: Newkirk Precinct TE (Void)

Players

Indy

  • Race: Protoss Protoss
  • Spawn Location: 7:00

Namshar - Winner!

  • Race: Zerg Zerg
  • Spawn Location: 5:00

Event: IEM XI Katowice - World Championship 2017

VOD

Have the link to the VOD?

Description

Time

  • Played on: Feb. 28, 2017, 11:02 a.m.
  • Length: 9:06

All games in this series

Show
View Real Time Build Order
Export as new Build Order

Indy Protoss 

Build Orders: 1 Gate Expand, Zealot Archon, Dark Templar Rush 

Get SALT Encoding   

  12  0:00  Probe (Chrono Boost)  
  13  0:11  Probe (Chrono Boost)  
  14  0:21  Pylon  
  14  0:22  Probe (Chrono Boost)  
  15  0:39  Probe (Chrono Boost)  
  16  0:43  Gateway  
  16  0:47  Assimilator  
  16  0:50  Probe (Chrono Boost)  
  17  1:00  Probe (Chrono Boost)  
  19  1:11  Probe (Chrono Boost)  
  19  1:24  Nexus  
  19  1:27  Probe (Chrono Boost)  
  20  1:37  Cybernetics Core  
  20  1:40  Probe (Chrono Boost)  
  20  1:46  Assimilator  
  21  1:50  Probe (Chrono Boost)  
  22  1:55  Pylon  
  23  2:01  Probe (Chrono Boost)  
  23  2:10  Adept  
  23  2:13  Warp Gate  
  23  2:15  Probe (Chrono Boost)  
  26  2:27  Probe (Chrono Boost)  
  27  2:36  Probe (Chrono Boost), Stalker  
  30  2:38  Probe (Chrono Boost)  
  30  2:43  Twilight Council  
  31  2:46  Probe (Chrono Boost)  
  31  2:48  Probe (Chrono Boost)  
  33  2:57  Probe (Chrono Boost)  
  34  2:59  Probe (Chrono Boost)  
  34  3:03  Robotics Facility  
  35  3:07  Probe (Chrono Boost)  
  35  3:09  Probe (Chrono Boost)  
  37  3:19  Probe (Chrono Boost)  
  39  3:20  Probe (Chrono Boost)  
  39  3:28  Dark Shrine  
  39  3:29  Probe (Chrono Boost)  
  39  3:30  Probe (Chrono Boost)  
  39  3:33  Gateway  
  39  3:40  Probe (Chrono Boost)  
  40  3:44  Gateway  
  40  3:45  Probe (Chrono Boost), Gateway  
  40  3:46  Warp Prism  
  43  3:56  Pylon  
  43  3:58  Probe (Chrono Boost)  
  43  4:00  Probe (Chrono Boost)  
  45  4:04  Assimilator x2  
  45  4:09  Probe (Chrono Boost)  
  46  4:16  Probe (Chrono Boost)  
  47  4:19  Zealot, Pylon  
  47  4:20  Probe (Chrono Boost)  
  47  4:22  Pylon  
  50  4:28  Probe (Chrono Boost)  
  50  4:31  Adept  
  52  4:45  Probe (Chrono Boost)  
  53  4:47  Probe (Chrono Boost)  
  53  4:51  Dark Templar x4  
  61  4:55  Probe (Chrono Boost)  
  61  4:59  Probe (Chrono Boost)  
  63  5:04  Nexus  
  63  5:08  Pylon  
  63  5:09  Archon  
  63  5:10  Immortal  
  63  5:11  Archon  
  63  5:13  Resonating Glaives  
  69  5:21  Mothership Core (Chrono Boost)  
  69  5:25  Probe (Chrono Boost)  
  69  5:27  Sentry  
  72  5:28  Sentry  
  72  5:33  Pylon  
  74  5:37  Probe (Chrono Boost)  
  74  5:42  Probe (Chrono Boost)  
  76  5:46  Immortal  
  76  5:49  Pylon, Probe (Chrono Boost)  
  77  5:54  Probe (Chrono Boost)  
  77  5:55  Pylon  
  82  6:01  Probe (Chrono Boost)  
  83  6:07  Gateway  
  83  6:09  Gateway  
  83  6:11  Gateway  
  83  6:14  Gateway  
  83  6:15  Sentry  
  83  6:16  Sentry  
  87  6:23  Sentry x2  
  93  6:26  Probe x2 (Chrono Boost)  
  93  6:28  Probe (Chrono Boost)  
  94  6:36  Pylon  
  94  6:38  Probe x3 (Chrono Boost)  
  97  6:46  Sentry x2  
  101  6:47  Adept x2  
  101  6:50  Probe (Chrono Boost)  
  101  6:52  Forge  
  101  6:53  Pylon  
  101  6:54  Pylon  
  106  7:08  Adept  
  106  7:09  Adept  
  106  7:11  Stalker x2  
  106  7:13  Probe (Chrono Boost)  
  106  7:14  Probe x2 (Chrono Boost)  
  117  7:20  Adept  
  117  7:21  Adept x3  
  123  7:29  Probe x2 (Chrono Boost)  
  117  7:32  Probe (Chrono Boost)  
  117  7:35  Stalker x3  
  117  7:36  Immortal  
  117  7:37  Stalker  
  108  7:44  Assimilator  
  108  7:45  Assimilator  
  108  7:46  Robotics Facility  
  108  7:50  Zealot x3, Stalker x3  
  110  8:02  Pylon  
  110  8:10  Immortal  
  110  8:21  Stalker x6  
  110  8:24  Zealot x2  
  93  8:45  Stalker x5  
  91  8:51  Zealot x2  
  91  8:52  Zealot  
Show
View Real Time Build Order
Export as new Build Order

Namshar Zerg - Winner!

Build Orders: Hatch First 

Get SALT Encoding   

  12  0:00  Drone  
  13  0:13  Overlord  
  13  0:17  Drone  
  14  0:31  Drone x2  
  14  0:34  Drone  
  17  0:53  Hatchery  
  17  0:55  Drone  
  17  0:59  Drone  
  18  1:09  Extractor  
  17  1:13  Spawning Pool  
  17  1:17  Drone  
  17  1:20  Drone  
  18  1:28  Drone  
  19  1:38  Overlord  
  19  1:51  Drone  
  20  2:00  Zergling x2, Queen  
  23  2:04  Queen  
  23  2:05  Drone  
  26  2:10  Metabolic Boost  
  26  2:11  Drone  
  28  2:15  Drone  
  28  2:22  Drone  
  29  2:26  Drone  
  30  2:34  Drone  
  30  2:36  Drone  
  32  2:42  Hatchery  
  32  2:43  Drone  
  32  2:48  Queen  
  34  2:54  Overlord  
  34  2:56  Zergling x2  
  36  2:58  Zergling x2  
  36  3:12  Zergling x2  
  37  3:13  Overlord  
  37  3:19  Spore Crawler  
  36  3:22  Drone  
  36  3:23  Drone x6  
  43  3:31  Queen  
  45  3:36  Drone x2  
  48  3:41  Drone x2  
  48  3:42  Spore Crawler  
  48  3:45  Drone  
  49  3:51  Overlord  
  49  3:52  Drone  
  50  3:57  Drone x2  
  50  3:59  Overlord  
  50  4:00  Roach Warren  
  50  4:01  Drone x3  
  54  4:06  Queen  
  54  4:09  Drone x2  
  58  4:13  Extractor  
  58  4:16  Drone x2  
  59  4:18  Drone  
  59  4:19  Overlord  
  59  4:22  Drone x2  
  62  4:27  Spore Crawler  
  62  4:29  Spore Crawler, Zergling x2  
  62  4:30  Zergling x4  
  63  4:35  Lair  
  63  4:38  Zergling x4  
  65  4:45  Zergling x12  
  70  4:58  Overlord x2  
  70  5:02  Drone x7  
  70  5:03  Drone x2  
  70  5:05  Extractor  
  78  5:07  Evolution Chamber  
  78  5:12  Overlord x2  
  78  5:13  Drone x2  
  79  5:20  Drone x4  
  83  5:25  Extractor  
  83  5:26  Extractor  
  81  5:28  Queen  
  83  5:36  Glial Reconstitution, Overlord x2  
  83  5:37  Zerg Missile Weapons Level 1  
  82  5:46  Roach x6  
  93  5:50  Drone  
  93  5:53  Drone x3  
  93  5:55  Drone  
  93  5:56  Drone  
  99  6:00  Drone  
  99  6:01  Extractor, Drone x3  
  99  6:02  Drone  
  103  6:08  Overlord  
  103  6:13  Overlord  
  103  6:14  Overlord  
  103  6:16  Roach x4  
  111  6:21  Overlord  
  111  6:26  Roach  
  111  6:27  Roach  
  115  6:34  Hatchery  
  114  6:45  Roach x5  
  114  6:46  Roach x7  
  138  6:48  Roach  
  138  6:49  Overlord  
  138  7:02  Overlord x2  
  138  7:03  Roach  
  138  7:06  Ravager  
  140  7:08  Roach  
  140  7:09  Roach x3  
  140  7:10  Ravager x4  
  140  7:11  Ravager x2  
  140  7:13  Ravager x2  
  140  7:14  Overlord x2  
  156  7:21  Roach  
  156  7:22  Roach x6  
  163  7:29  Roach x2  
  161  7:32  Roach  
  161  7:33  Roach  
  159  7:40  Roach x4  
  163  7:49  Roach x8  
  179  7:57  Roach x3  
  179  7:58  Roach  
  183  8:06  Ravager  
  183  8:07  Roach  
  183  8:08  Roach x3  
  192  8:17  Roach  
  192  8:18  Roach x2  
  192  8:31  Roach  
  192  8:32  Roach x5  

Tags
 
Add a new tag
Caveats
  • Supply blocks, unpowered buildings, or Contaminate may cause inaccurate times.
  • Supply counts are checked every 10 seconds.